 Dungeon Crawl Stone Soup version 0.22-a0-354-g30dfbe6 (webtiles) character file.

63 Amnesiac the Grave Robber (level 3, -2/22 HPs)
             Began as a Deep Elf Necromancer on Apr 16, 2018.
             Succumbed to Sigmund's poison
             ... on level 2 of the Dungeon.
             The game lasted 00:02:53 (2030 turns).

Amnesiac the Grave Robber (Deep Elf Necromancer)    Turns: 2030, Time: 00:02:54

Health: -2/22      AC:  2    Str: 10    XL:     3   Next: 87%
Magic:  0/9        EV: 18    Int: 20    God:
Gold:   108        SH:  0    Dex: 20    Spells: 4/8 levels left

rFire    . . .     SeeInvis .   a - +1 dagger (venom)
rCold    . . .     Gourm    .   (no shield)
rNeg     . . .     Faith    .   j - +0 robe
rPois    .         Spirit   .   (no helmet)
rElec    .         Reflect  .   (no cloak)
rCorr    .         Harm     .   (no gloves)
MR       .....                  (no boots)
Stlth    ++........             (no amulet)
HPRegen  0.07/turn              (no ring)
MPRegen  0.11/turn              (no ring)

@: confused, mighty, agile, lethally poisoned (-2 -> -36)
A: no striking features
a: no special abilities


You were on level 2 of the Dungeon.
You were hungry.

You visited 1 branch of the dungeon, and saw 2 of its levels.

You collected 108 gold pieces.

Inventory:

Hand Weapons
 a - a +1 dagger of venom (weapon)
Missiles
 g - 8 needles of sleeping
Armour
 j - a +0 robe (worn)
Scrolls
 b - 2 scrolls of identify {!r, unknown}
 e - a scroll of amnesia {!r, unknown}
 f - a scroll of enchant weapon {!r, unknown}
 h - a scroll of noise {!r, unknown}
 i - a scroll of remove curse {!r, unknown}
Comestibles
 c - 7 rations


   Skills:
 * Level 2.7 Fighting
 + Level 2.6 Dodging
 - Level 2.4 Stealth
 - Level 3.0 Spellcasting
 - Level 5.0 Necromancy


You had 4 spell levels left.
You knew the following spells:

 Your Spells              Type           Power        Failure   Level  Hunger
a - Pain                  Necr           ###.         1%          1    None
d - Vampiric Draining     Necr           ###.......   5%          3    ###....


Dungeon Overview and Level Annotations

Branches:
Dungeon (2/15)

Altars:

Annotations:
D:2 Sigmund


Message History

Found 23 bolts.
There is a stone staircase leading down here.
Key pressed, stopping explore.
All of the chunks of flesh in your inventory have rotted away.
Sigmund the Dreaded comes into view.
He is wielding a scythe of venom.
Sigmund shouts!
Sigmund drinks a potion.
Sigmund seems to speed up.
Sigmund hits you from afar with a scythe of venom.
You are poisoned.
You see here 10 gold pieces.
An adder comes into view.
You feel sick.
Sigmund hits you with a scythe of venom.
You are lethally poisoned!
Casting: Vampiric Draining (safe; 5% risk of failure)
Confirm with . or Enter, or press ? or * to list all spells.
Aiming: Vampiric Draining (safe; 5% risk of failure)
Press: ? - help, Shift-Dir - straight line, f - Sigmund
Aim: Sigmund, wielding a scythe of venom and wearing a robe (fast) Sigmund is moderately wounded.
You feel life coursing into your body.
You feel sick.
Sigmund hits you with a scythe of venom!
* * * LOW HITPOINT WARNING * * *
You are more poisoned.
Casting: Vampiric Draining (safe; 5% risk of failure)
Confirm with . or Enter, or press ? or * to list all spells.
Aiming: Vampiric Draining (safe; 5% risk of failure)
Press: ? - help, Shift-Dir - straight line, f/p - Sigmund
Aim: Sigmund, wielding a scythe of venom and wearing a robe (moderately wounded, fast) Sigmund is heavily wounded.
You feel life coursing into your body.
You feel very sick. Sigmund closely misses you.
Casting: Vampiric Draining (safe; 5% risk of failure)
Confirm with . or Enter, or press ? or * to list all spells.
Aiming: Vampiric Draining (safe; 5% risk of failure)
Press: ? - help, Shift-Dir - straight line, f/p - Sigmund
Aim: Sigmund, wielding a scythe of venom and wearing a robe (heavily wounded, fast) Sigmund is severely wounded.
You feel life coursing into your body.
You are feeling hungry.
You feel sick.
Sigmund hits you with a scythe of venom.
You are more poisoned.
You hit Sigmund.
Sigmund is poisoned.
Sigmund is severely wounded.
* * * LOW HITPOINT WARNING * * *
You feel very sick. Sigmund casts a spell at you.
You are confused.
Sigmund casts a spell at you. You resist with some effort.
Really quaff
d - a dark potion {!q}?
It was a potion of might {!q}.
You feel very mighty all of a sudden.
* * * LOW HITPOINT WARNING * * *
You feel sick. Sigmund gestures at you while chanting. The magic dart hits you!
* * * LOW HITPOINT WARNING * * *
Really quaff
l - a viscous silvery potion {!q}?
It was a potion of agility {!q}.
You feel agile all of a sudden.
You die...

######.# #..##..#♣#.)'.#..#.#...
.......# #..##.#.#.#.#....#.#...
######## #..##.##.##.#....#.#...
###########..##.......######.#...
.............##########......#
############.# .# ######## #.# S#
#.####@# #...$@.# ########


You could see Sigmund and an adder.

Vanquished Creatures
  2 adders (D:2)
  A worm (D:2)
  2 ball pythons
  2 giant cockroaches (D:1)
  2 goblins (D:2)
  12 hobgoblins
  4 jackals (D:2)
  4 kobolds
  3 bats
  A frilled lizard (D:2)
  3 rats (D:1)
36 creatures vanquished.

Notes
Turn   | Place    | Note
-------+----------+-------------------------------------------
     0 | D:1      | Amnesiac the Deep Elf Necromancer began the quest for the Orb.
     0 | D:1      | Reached XP level 1. HP: 10/10 MP: 6/6
   175 | D:1      | Reached skill level 5 in Necromancy
   177 | D:1      | Reached skill level 1 in Fighting
   188 | D:1      | Reached XP level 2. HP: 2/16 MP: 0/8
  1290 | D:2      | Reached XP level 3. HP: 13/21 MP: 3/9
  1582 | D:2      | Learned a level 3 spell: Vampiric Draining
  2021 | D:2      | Noticed Sigmund
  2029 | D:2      | HP: 1/22 [Sigmund/magic dart (6)]
  2030 | D:2      | Succumbed to Sigmund's poison

Vault maps used:
D:1:      dpeg_arrival_oval
D:2:      kennysheep_generic_room_9, uniq_sigmund

Skill      XL: |  1  2 |
---------------+-------+-----
Necromancy     | 5 |  5.0
Fighting       | 1 2 |  2.7
Dodging        | |  2.6
Stealth        | |  2.4
Spellcasting   | |  3.0

Action                   || total
-------------------------++-------
Melee: Dagger            ||     5
 Cast: Pain              ||    76
       Vampiric Draining ||     4
  Use: Potion            ||     2
 Stab: Sleeping          ||     1
  Eat: Chunk             ||     3
Armor: Robe              ||     6
Dodge: Dodged            ||     9

Table legend:
 A = Spawn XP
 B = Non-spawn XP
 C = Spawn XP percentage of total XP
 D = Spawn monster count
 E = Non-spawn monster count
 F = Spawn count percentage of total count
 G = Total turns spent on level
                    A         B        C        D         E        F      G
               +---------+---------+-------+---------+---------+-------+---------
         Total |       0 |      90 |   0.0 |       0 |      36 |   0.0 |  2030
               +---------+---------+-------+---------+---------+-------+---------
           D:1 |       0 |      24 |   0.0 |       0 |      14 |   0.0 |  1098
           D:2 |       0 |      66 |   0.0 |       0 |      22 |   0.0 |   932
               +---------+---------+-------+---------+---------+-------+---------
